 Dungeon Crawl Stone Soup version 0.31.0-12-g77e489cdc1 (webtiles) character file.

Game seed: 13869108724414699262

7726 Silvore the Blocker (level 11, -1/94 HPs)
             Began as a Minotaur Fighter on Feb 29, 2024.
             Was a Priest of Zin.
             Succumbed to orange demon's concentrated venom
             ... on level 8 of the Dungeon.
             The game lasted 00:09:53 (8111 turns).

Silvore the Blocker (Minotaur Fighter)              Turns: 8111, Time: 00:09:54

Health: -1/94      AC: 16    Str: 24    XL:     11   Next: 0%
Magic:  11/11      EV:  6    Int:  5    God:    Zin [***...]
Gold:   217        SH: 23    Dex: 15    Spells: 10/10 levels left

rFire   + . .        q - +1 flail (venom)
rCold   . . .        f - +0 tower shield
rNeg    . . .        m - +1 plate armour
rPois   .            (helmet restricted)
rElec   .            (no cloak)
rCorr   .            h - +0 pair of gloves
SInv    .            (no boots)
Will    .....        s - amulet of Qoynko {Reflect rF+ Dex+4 SH+5} Stlth
                     (no ring)
HPRegen 0.35/turn    (no ring)
MPRegen 0.12/turn

%: reflection
@: mighty, lethally poisoned (-1 -> -48), hasted and slowed
A: horns 2, retaliatory headbutt
a: Renounce Religion, Recite, Vitalisation, Imprison, Donate Gold


You were on level 8 of the Dungeon.
You worshipped Zin.
Zin was most pleased with you.
You visited 2 branches of the dungeon, and saw 9 of its levels.
You also visited: Bailey.

You collected 352 gold pieces.
You donated 135 gold pieces to Zin.

Inventory:

Hand Weapons
 a - a +1 flail
 q - a +1 flail of venom (weapon)
Armour
 b - a +0 scale mail
 c - a +0 buckler
 f - a +0 tower shield (worn)
 h - a +0 pair of gloves (worn)
 m - a +1 plate armour (worn)
Jewellery
 o - a ring of magical power
 s - the amulet of Qoynko (around neck) {Reflect rF+ Dex+4 SH+5}
   (You found it on level 5 of the Dungeon)

   [amulet of reflection]

   Reflect:   It reflects blocked missile attacks.
   Dex+4:     It affects your dexterity (+4).
   rF+:       It protects you from fire.
   SH+5:      It affects your SH (+5).
Wands
 l - a wand of iceblast (7)
 u - a wand of light (20)
 x - a wand of flame (23)
Scrolls
 g - a scroll of enchant weapon
 k - 4 scrolls of teleportation
 p - a scroll of blinking
Potions
 e - 4 potions of berserk rage
 i - 6 potions of brilliance
 j - 2 potions of lignification
 n - a potion of heal wounds
 t - a potion of cancellation
 v - a potion of enlightenment
 w - a potion of resistance


   Skills:
 + Level 7.8 Fighting
 + Level 11.3 Maces & Flails
 + Level 9.4 Armour
 + Level 1.6 Dodging
 + Level 0.9 Stealth
 + Level 12.9 Shields
 + Level 1.5 Invocations


You had 10 spell levels left.
You didn't know any spells.
Your spell library contained the following spells:

 Spells                   Type           Power      Damage    Failure   Level
 Cigotuvi's Dreadful Rot  Necr/Alch/Air  0%         N/A       100%        2
 Gell's Gravitas          Tloc           0%         N/A       100%        3
 Teleport Other           Tloc           0%         N/A       100%        3
 Volatile Blastmotes      Fire/Tloc      0%         2d10      100%        3
 Fulminant Prism          Conj/Alch      0%         3d5       100%        4
 Iskenderun's Mystic Bla  Conj/Tloc      0%         2d3       100%        4
 Alistair's Intoxication  Alch           0%         N/A       100%        5
 Borgnjor's Vile Clutch   Necr/Erth      0%         N/A       100%        5
 Conjure Ball Lightning   Conj/Air       0%         3x3d6     100%        6
 Dispersal                Tloc           0%         N/A       100%        6
 Eringya's Noxious Bog    Alch           0%         4d6       100%        6
 Maxwell's Capacitive Co  Air            0%         ∞         100%        8


Dungeon Overview and Level Annotations

Branches:
Dungeon (8/15)             Temple (1/1) D:5            Lair (0/5) D:8
 Bailey (visited)

Altars:
Ashenzari
Cheibriados
Dithmenos
Elyvilon
Fedhas
Hepliaklqana
Kikubaaqudgha
Makhleb
Nemelex Xobeh
Okawaru
Qazlal
Ru
Sif Muna
Trog
Uskayaw
Vehumet
Wu Jian
Xom
Yredelemnul
Zin

Shops:
D:8 (

Annotations:
D:7 2 transporters, abcdefg's ghost, novice FoHu
Temple 4 transporters


Innate Abilities, Weirdness & Mutations

You have a pair of horns on your head.
You reflexively headbutt those who attack you in melee.


Message History

You are no longer poisoned.
The orange demon stings you from afar!
You are lethally poisoned!
You have difficulty breathing.
You feel as though you will be slow longer.
You block Amaemon's attack. x3
You barely miss Amaemon.
Amaemon is almost dead.
* * * LOW HITPOINT WARNING * * *
You feel extremely sick. The orange demon stings you from afar.
* * * LOW HITPOINT WARNING * * *
Amaemon points at the scorpion and mumbles some strange words.
The scorpion's venom grows more potent.
The orange demon stings you from afar.
* * * LOW HITPOINT WARNING * * *
You feel much better.
You feel extremely sick.
Amaemon gestures wildly while chanting.
You block the orange demon's attack.
You feel very mighty all of a sudden.
You feel very sick.
The scorpion disappears in a puff of smoke!
Amaemon casts a spell at the scorpion.
The scorpion's venom grows more potent.
You block the orange demon's attack.
You thump Amaemon!
You kill Amaemon!
Zin accepts your kill.
The scorpion disappears in a puff of smoke! x3
You feel very sick. The orange demon stings you from afar.
You are lethally poisoned!
You have difficulty breathing.
* * * LOW HITPOINT WARNING * * *
You feel as though you will be slow longer.
You have reached level 11!
* * * LOW HITPOINT WARNING * * *
You feel extremely sick.
Things that are here:
a +0 whip; 5 poisoned darts; a kobold corpse You die...

#..#####.....#
###..#...#.....#
.........###.###
#...#...# #.#
#...#$..###.###
#...§§#.......#
#.4§###.#.#
##K## #.#.# #@#
#.# # #)# #.#
#........
#........
##.###... .# ..
.# ##


You could see an orange demon (curare) and a kobold.

Vanquished Creatures
  2 vault guards (Bailey)
  A two-headed ogre (D:8)
  Amaemon (D:8)
  Joseph (D:8)
  Maggie (D:6)
  Prince Ribbit (Bailey)
  A wyvern (D:7)
  Grum (D:8)
  6 humans (Bailey)
  A water moccasin (D:7)
  An orc warrior (D:7)
  2 sky beasts (D:7)
  An ice beast (D:6)
  2 ogres
  4 wolves (D:8)
  A centaur (D:8)
  2 kobold brigands (D:8)
  A scorpion (D:6)
  Blork the orc (D:6)
  13 bullfrogs
  A gnoll sergeant (D:7)
  5 wights (D:8)
  3 killer bees (D:8)
  A howler monkey (D:8)
  3 bombardier beetles (D:5)
  3 jellies
  3 hounds
  4 orc priests
  3 iguanas
  A sleepcap (D:4)
  An orc wizard (D:8)
  8 adders
  9 gnolls
  2 shadow imps (D:7)
  A white imp (D:6)
  2 ufetubi (D:7)
  3 ribbon worms
  2 dart slugs
  17 orcs
  6 bats
  3 endoplasms
  5 giant cockroaches
  15 goblins
  6 hobgoblins
  3 jackals (D:4)
  9 kobolds
  4 quokkas
  5 ball pythons
  3 frilled lizards
  12 rats
187 creatures vanquished.

Vanquished Creatures (collateral kills)
  A bullfrog (Bailey)
1 creature vanquished.

Grand Total: 188 creatures vanquished

Notes
Turn   | Place    | Note
-------+----------+-------------------------------------------
     0 | D:1      | Silvore the Minotaur Fighter began the quest for the Orb.
     0 | D:1      | Reached XP level 1. HP: 19/19 MP: 0/0
   105 | D:1      | Reached XP level 2. HP: 24/27 MP: 1/1
   409 | D:2      | Reached skill level 4 in Shields
   411 | D:2      | Reached XP level 3. HP: 33/33 MP: 2/2
  1278 | D:3      | Reached XP level 4. HP: 27/40 MP: 3/3
  1421 | D:3      | Found a sparkling altar of Nemelex Xobeh.
  1693 | D:3      | Found a faded altar of an unknown god.
  1754 | D:3      | Noticed an ogre
  1761 | D:3      | Killed an ogre
  1762 | D:3      | Reached XP level 5. HP: 4/47 MP: 4/4
  2076 | D:3      | Found an ancient bone altar of Kikubaaqudgha.
  2169 | D:3      | Found a stormy altar of Qazlal.
  2479 | D:4      | Found a shadowy altar of Dithmenos.
  2763 | D:4      | Reached skill level 5 in Armour
  3136 | D:4      | Found a glowing silver altar of Zin.
  3141 | D:4      | Became a worshipper of Zin the Law-Giver
  3141 | D:4      | Reached * piety under Zin
  3251 | D:5      | Entered Level 5 of the Dungeon
  3291 | D:5      | Reached skill level 1 in Dodging
  3294 | D:5      | Reached skill level 5 in Maces & Flails
  3294 | D:5      | Reached XP level 6. HP: 49/53 MP: 5/5
  3685 | D:5      | Got the Folio of the Nimbus and the Beaker
  3760 | D:5      | Identified the amulet of Qoynko {Reflect rF+ Dex+4 SH+5}
  3870 | D:5      | Reached skill level 5 in Shields
  3965 | D:5      | Found a staircase to the Ecumenical Temple.
  4051 | D:5      | Reached ** piety under Zin
  4060 | D:5      | Donated 100 gold pieces to Zin
  4313 | D:5      | Reached skill level 5 in Fighting
  4313 | D:5      | Reached XP level 7. HP: 52/61 MP: 6/6
  4987 | D:6      | Noticed Maggie
  5000 | D:6      | Killed Maggie
  5001 | D:6      | Reached skill level 6 in Shields
  5001 | D:6      | Reached XP level 8. HP: 39/69 MP: 7/7
  5167 | D:6      | Noticed Blork the orc
  5178 | D:6      | Killed Blork the orc
  5662 | D:7      | Found a flagged portal.
  5679 | D:7      | Reached skill level 7 in Shields
  5694 | Bailey   | Entered a bailey
  5730 | Bailey   | Reached skill level 8 in Shields
  5770 | Bailey   | Reached skill level 1 in Invocations
  5777 | Bailey   | Reached XP level 9. HP: 60/75 MP: 8/8
  5878 | Bailey   | Reached skill level 9 in Shields
  6113 | Bailey   | Noticed Prince Ribbit
  6113 | Bailey   | Noticed a vault guard
  6120 | Bailey   | Killed Prince Ribbit
  6121 | Bailey   | Reached skill level 10 in Shields
  6128 | Bailey   | Killed a vault guard
  6129 | Bailey   | Reached skill level 10 in Maces & Flails
  6208 | Bailey   | Noticed a vault guard
  6237 | Bailey   | Killed a vault guard
  6238 | Bailey   | Reached skill level 11 in Shields
  6238 | Bailey   | Reached XP level 10. HP: 24/86 MP: 9/9
  6542 | D:7      | Found a transporter.
  6544 | D:7      | Noticed a moth of wrath
  6550 | D:7      | Found a transporter.
  6554 | D:7      | Noticed abcdefg's ghost (novice FoHu)
  7350 | Temple   | Found a transporter.
  7350 | Temple   | Found a transporter.
  7350 | Temple   | Found a transporter.
  7350 | Temple   | Found a transporter.
  7350 | Temple   | Entered the Ecumenical Temple
  7425 | D:8      | Reached *** piety under Zin
  7449 | D:8      | Found a staircase to the Lair.
  7479 | D:8      | Noticed Joseph
  7487 | D:8      | Killed Joseph
  7567 | D:8      | Reached skill level 12 in Shields
  7656 | D:8      | Found Uggiokoorogh's Weapon Boutique.
  7680 | D:8      | Noticed Grum
  7685 | D:8      | Noticed a two-headed ogre
  7701 | D:8      | Killed a two-headed ogre
  7709 | D:8      | Killed Grum
  8083 | D:8      | Noticed Amaemon
  8086 | D:8      | Noticed an orange demon
  8109 | D:8      | Killed Amaemon
  8110 | D:8      | Reached XP level 11. HP: 21/94 MP: 11/11
  8111 | D:8      | Succumbed to orange demon's concentrated venom

Illustrated notes

Levels and vault maps discovered:
D:1:      minmay_arrival_up_and_down, layout_rooms
D:2:      layout_basic, minmay_tall_x
D:3:      layout_loops_corners, general_overflow_altar,
          mainiacjoe_overflow_chevrons, lemuel_doored_altar,
          shapermc_ecumenical_altar_flowoftime, minmay_misc_feat_nine_boxes
D:4:      layout_basic, kennysheep_little_box, mainiacjoe_overflow_boulevard,
          supply_closet_lemuel
D:5:      layout_loops_corners, minmay_temple_entry_enclosed_plants
D:6:      layout_basic, uniq_maggie, uniq_blork_the_orc
D:7:      layout_cave_pods, enter_bailey_4, gammafunk_ghost_berserking_beasts
D:8:      layout_loops_ring, lemuel_coloured_pillars_altar, lair_entry_dummy,
          serial_shops, nicolae_shop_bloodbath_and_beyond,
          kennysheep_generic_room_5, uniq_grum, uniq_amaemon, uniq_joseph
Temple:   hellmonk_temple_divided_pantheon

Skill      XL: |  1  2  3  4  5  6  7  8  9 10 |
---------------+-------------------------------+-----
Fighting       | 4 5 6 7 |  7.8
Maces & Flails | 3 4 5 6 7 9 10 11 | 11.3
Armour         | 4 5 6 8 9 |  9.4
Shields        | 4 5 6 8 11 12 | 12.9
Dodging        | 1 |  1.6
Invocations    | 1 |  1.5
Stealth        | |  0.9

Action                     |  1- 3 |  4- 6 |  7- 9 | 10-12 || total
---------------------------+-------+-------+-------+-------++-------
  Melee: Flail             |   116 |   116 |   200 |   164 ||   596
         Headbutt          |    11 |    22 |    41 |    29 ||   103
 Invoke: Recite            |       |     1 |     1 |     2 ||     4
         Donate Gold       |       |     1 |       |       ||     1
    Use: Scroll            |     6 |     2 |     8 |     2 ||    18
         Potion            |       |       |     1 |     5 ||     6
   Stab: Confused          |       |       |     1 |       ||     1
 Armour: Scale mail        |    76 |    17 |       |       ||    93
         Plate armour      |       |    33 |   111 |    70 ||   214
  Dodge: Dodged            |    50 |    20 |    27 |    21 ||   118
  Block: Buckler           |     7 |       |       |       ||     7
         Tower shield      |    54 |    76 |   259 |   245 ||   634
         Reflection        |       |       |     2 |     8 ||    10
